 Dungeon Crawl Stone Soup version 0.29.0-4-gdea44cf6ec (webtiles) character file.

Game seed: 14636582966763003874

178207 qw the Tortoise (level 17, -1/161 HPs)
             Began as a Minotaur Berserker on Sept 6, 2022.
             Was a High Priest of Trog.
             Killed from afar by a nagaraja (5 damage)
             ... with a splash of poison
             ... on level 4 of the Snake Pit.
             The game lasted 00:14:14 (38238 turns).

qw the Tortoise (Minotaur Berserker)               Turns: 38238, Time: 00:14:14

Health: -1/161     AC: 46    Str: 29    XL:     17   Next: 57%
Magic:  14/14      EV:  8    Int: 10    God:    Trog [*****.]
Gold:   1299       SH: 25    Dex: 12    Spells: 16/16 levels left

rFire   + . .      SeeInvis .   y - +11 broad axe of Optimality {flame, Fly}
rCold   + + +      Faith    .   B - +0 tower shield
rNeg    . . .      Spirit   .   v - +8 orange crystal plate armour {Archmagi, Int+3 Clar}
rPois   +          Reflect  +   k - +2 hat {Int+3}
rElec   .          Harm     .   d - +1 cloak of Egalitarianism {Dex+4}
rCorr   .          Rampage  .   j - +2 pair of gloves
Will    +....      Archmagi +   i - +1 pair of boots
Stlth   .......... Clarity  +   r - amulet of reflection
HPRegen 0.36/turn               m - ring of Jealousy {Contam rF+ rC+++ Dex-3 Stlth+}
MPRegen 0.14/turn               f - ring of poison resistance

@: lethally poisoned (-1 -> -21), about to teleport, on berserk cooldown,
flying, slowed, very slow
A: horns 2, retaliatory headbutt, low MP 1, wild magic 1
a: Renounce Religion, Berserk, Trog's Hand, Brothers in Arms


You were on level 4 of the Snake Pit.
You worshipped Trog.
Trog was extremely pleased with you.
You visited 5 branches of the dungeon, and saw 29 of its levels.
You also visited: Gauntlet.

You collected 3091 gold pieces.
You spent 1792 gold pieces at shops.


Innate Abilities, Weirdness & Mutations

You have a pair of horns on your head.
You reflexively headbutt those who attack you in melee.
Your magical capacity is low. (-10% MP)
Your spells are a little harder to cast, but a little more powerful.


   Skills:
 - Level 17.0 Fighting
 - Level 18.0 Axes
 - Level 9.0 Throwing
 - Level 20.0 Armour
 - Level 7.0 Dodging
 + Level 18.9 Shields


You had 16 spell levels left.
You didn't know any spells.
Your spell library was empty.

Inventory:

Hand Weapons
 y - the +11 broad axe of Optimality (weapon) {flame, Fly}
   (Trog gifted it to you on level 2 of the Orcish Mines)

   It burns those it strikes, dealing additional fire damage.
   Big, fiery blades are also staple armaments of hydra-hunters.
   Fly:       It grants you flight.
Missiles
 o - 10 boomerangs (quivered)
Armour
 d - the +1 cloak of Egalitarianism (worn) {Dex+4}
   (You found it on level 3 of the Dungeon)

   Dex:       It affects your dexterity (+4).
 i - a +1 pair of boots (worn)
 j - a +2 pair of gloves (worn)
 k - a +2 hat of intelligence (worn)
 v - the +8 orange crystal plate armour (worn) {Archmagi, Int+3 Clar}
   (You found it on level 2 of the Lair of Beasts)

   Int:       It affects your intelligence (+3).
   Clar:      It protects you against confusion.
 B - a +0 tower shield (worn)
 C - a scarf of resistance
Jewellery
 c - a ring of protection from fire
 f - a ring of poison resistance (right hand)
 m - the ring of Jealousy (left hand) {Contam rF+ rC+++ Dex-3 Stlth+}
   (You found it in a Gauntlet)

   [ring of protection from fire]

   Dex:       It affects your dexterity (-3).
   rF:        It protects you from fire.
   rC:        It renders you almost immune to cold.
   Contam:    It causes magical contamination when unequipped.
   Stlth:     It makes you more stealthy.
 p - the amulet of Qigoimpo {RegenMP rF++ rCorr Dex-3}
   (You found it on level 4 of the Dungeon)

   [amulet of magic regeneration]

   It increases your rate of magic regeneration.
   Dex:       It affects your dexterity (-3).
   rF:        It greatly protects you from fire.
   rCorr:     It protects you from acid and corrosion.
 r - an amulet of reflection (around neck)
 s - a +4 ring of evasion
 u - a +4 ring of protection
 w - a ring of protection from fire
 z - the ring of Untruth {rC+ Dex+6}
   (You bought it in a shop on level 15 of the Dungeon)

   [ring of dexterity]

   Dex:       It affects your dexterity (+6).
   rC:        It protects you from cold.
Scrolls
 b - 21 scrolls of identify
 n - 13 scrolls of teleportation
 x - 3 scrolls of enchant weapon
Potions
 a - 10 potions of heal wounds
 e - 2 potions of haste
 g - 22 potions of curing
 h - 7 potions of mutation
 l - 7 potions of might
 q - a potion of resistance
 A - a potion of cancellation

Dungeon Overview and Level Annotations

Branches:
Dungeon (15/15)            Temple (0/1) D:7            Lair (5/5) D:9
  Swamp (3/4) Lair:2        Snake (4/4) Lair:3        Slime (0/5) Lair:5
    Orc (2/2) D:10            Elf (0/3) Orc:2        Vaults (0/5) D:14
 Depths (0/4) D:15        Gauntlet (visited)

Altars:
Cheibriados
Gozag
Kikubaaqudgha
Makhleb
Sif Muna
Trog
Uskayaw
Vehumet
Wu Jian

Shops:
D:6 !*   D:8 *   D:13 (   D:15 =   Orc:2 ?[[[*   Snake:3 [=:!

Annotations:
D:3 2 runed translucent doors, qw's ghost, amateur MiBe
D:5 2 transporters
Snake:1 1 runed translucent door, Romunoh's ghost, adept SpBr
Snake:2 2 transporters, littlecub's ghost, journeyman DsGl
Snake:4 Mara


Message History

Your deep troll barely misses the naga.
Your deep troll closely misses the naga.
Your deep troll barely misses the naga.
The naga spits poison at you.
The splash of poison reflects off an invisible shield around you!
The splash of poison hits the naga but does no damage.
The naga mage gestures at the naga mage while chanting.
The naga mage seems to grow toxic.
The naga mage gestures at the naga warrior while chanting.
The naga warrior seems to grow toxic.
The naga hits your deep troll with a +0 flail.
The naga constricts your deep troll.
The naga sharpshooter shoots a bolt.
The bolt hits you.
Your deep troll bites the naga!!
The naga dies!
Trog accepts your kill.
The nagaraja gestures at you while chanting.
The bolt of poison hits you! You resist. Qw's illusion hits you!
Qw's illusion burns you. You block the naga's attack.
The naga warrior spits poison at you. The splash of poison misses you.
The naga mage casts a spell at you.
The bolt of poison hits the naga warrior!
The bolt of poison hits you.
You are lethally poisoned!
You resist. You block the naga mage's attack.
38238 ||| READING 14 scrolls of teleportation.
As you read the scroll of teleportation, it crumbles to dust.
You feel strangely unstable.
You feel extremely sick.
The naga warrior blocks your deep troll's attack. x2
Your deep troll claws the naga warrior.
The naga sharpshooter shoots a bolt.
You reflect the bolt off an invisible shield around you!
The bolt hits the naga sharpshooter!!
You block the naga mage's attack. The naga mage spits poison at you.
The splash of poison hits you.
You are more poisoned.
You resist. The nagaraja spits poison at you. The splash of poison hits you.
You resist.
You die...

.... #..#
##........ ####
##...##...######
............#
............#
............#
.#.=...#....#
...R....)))N#
........#T.#)N.....
##...}N.N@##N.#....
....N..N@)# .... ..
.......#NNN #....
...#....N. ...N..
...^.....^......# .
..............#
............
......#......


You could see Mara, 2 nagarajas, 2 naga warriors, 2 naga sharpshooters, 2 naga
magi, a naga (strong, catching breath), qw's illusion (very poisoned, slow) and
a friendly deep troll (summoned, berserk).

Vanquished Creatures
  Mlioglotl (Swamp:1)
  Rupert (D:12)
  Jorgrun (D:15)
  A thorn hunter (Swamp:3)
  2 nagarajas
  Kirke (Lair:4)
  Donald (Snake:2)
  Aizul (Swamp:2)
  Louise (Swamp:1)
  An orc warlord (Orc:2)
  An ironbound preserver (D:14)
  3 eleionomae
  A minotaur (Gauntlet)
  5 dire elephants
  A fire dragon (D:15)
  Harold (Lair:1)
  Fannar (D:11)
  An ice dragon (D:15)
  Erolcha (D:10)
  A great orb of eyes (D:14)
  2 catoblepae
  9 hydras
  4 boulder beetles
  A two-headed ogre (D:12)
  3 ghost crabs
  12 naga warriors
  9 alligators
  Erica (Lair:2)
  A merfolk avatar (Swamp:3)
  6 anacondas
  2 centaur warriors
  2 merfolk aquamancers (D:13)
  A spectral dire elephant (Lair:5)
  4 shock serpents
  12 naga sharpshooters
  4 orc high priests (Orc:2)
  5 skeletal warriors (D:10)
  2 fire crabs
  4 goliath frogs
  3 salamander mystics
  A spectral death yak (Lair:5)
  3 spriggan druids
  A fire crab (shapeshifter) (D:13)
  A spectral anaconda (Lair:5)
  4 bog bodies
  3 naga ritualists
  4 sea snakes (Snake:2)
  A wizard (D:14)
  4 swamp dragons
  4 necromancers (Lair:5)
  An orc knight (Orc:2)
  A deep elf pyromancer (D:12)
  2 orc sorcerers (Orc:2)
  7 mana vipers
  An oklob plant (Lair:5)
  18 ugly things
  12 salamanders
  3 cyclopes
  Joseph (Lair:1)
  2 dire elephant zombies (Lair:5)
  Maurice (D:8)
  A manticore (D:13)
  A moth of wrath (Gauntlet)
  3 guardian serpents
  33 elephants
  14 naga magi
  26 black mambas
  2 water nymphs (D:13)
  5 cane toads
  3 unseen horrors
  2 minotaur zombies (Gauntlet)
  10 komodo dragons
  2 rime drakes
  Maggie (Lair:2)
  A dire elephant skeleton (Lair:5)
  A yaktaur (D:8)
  3 tengu conjurers
  6 meliai
  A polar bear (Lair:5)
  3 bloated husks
  4 trolls
  A wind drake (shapeshifter) (D:15)
  7 tyrant leeches
  8 hornets
  4 blink frogs (Lair:5)
  Prince Ribbit (D:7)
  13 slime creatures
  6 flying skulls (Gauntlet)
  4 shadows
  11 spriggans
  2 wyverns
  A water elemental (D:13)
  6 fire bats (Gauntlet)
  A vampire (D:13)
  3 wraiths
  24 yaks
  6 basilisks
  4 steam dragons
  4 hogs (Lair:4)
  13 vampire mosquitoes
  3 spectral cane toads (Lair:5)
  14 swamp worms
  A warg (Orc:2)
  25 nagas
  5 water moccasins
  4 acid dragons
  3 hell hounds (Gauntlet)
  An elephant zombie (Lair:5)
  2 ice beasts
  3 swamp drakes
  3 black bears
  25 orc warriors
  5 ogres
  15 wolves
  13 centaurs
  A phantom (D:4)
  Blork the orc (D:6)
  5 kobold brigands
  12 bullfrogs
  4 scorpions
  3 necrophages
  A gnoll sergeant (D:11)
  A cane toad simulacrum (Lair:5)
  3 wights (D:8)
  An elephant simulacrum (Lair:5)
  23 killer bees
  2 howler monkeys
  4 electric eels
  A gnoll bouda (D:5)
  33 orc priests
  3 jellies
  2 iguanas
  29 orc wizards
  18 gnolls
  5 adders
  A white imp (D:8)
  An ufetubus (D:5)
  A worm (D:3)
  6 dart slugs
  71 orcs
  6 ball pythons
  5 bats
  5 endoplasms
  3 giant cockroaches
  6 goblins
  10 hobgoblins
  27 kobolds
  4 quokkas
  A frilled lizard (D:1)
851 creatures vanquished.

Vanquished Creatures (collateral kills)
  Sonja (D:12)
  A naga sharpshooter (Snake:4)
  An obsidian statue (Lair:5)
  A warg (Orc:2)
  A naga (Snake:4)
  An orc warrior (Orc:2)
  An orc (Orc:2)
  A withered plant (Lair:5)
8 creatures vanquished.

Vanquished Creatures (others)
  A fenstrider witch (Swamp:3)
  A hydra (Swamp:2)
  A bloated husk (Swamp:2)
  A tyrant leech (Swamp:1)
  2 humans (Lair:4)
  A demonic plant (Gauntlet)
  98 fungi
  84 plants
  3 toadstools (D:11)
  18 withered plants (Lair:5)
210 creatures vanquished.

Grand Total: 1069 creatures vanquished

Notes
Turn   | Place    | Note
-------+----------+-------------------------------------------
     0 | D:1      | qw the Minotaur Berserker began the quest for the Orb.
     0 | D:1      | Reached XP level 1. HP: 19/19 MP: 0/0
     0 | D:1      | 0 ||| qw: Version: 0.1-a-108-g9e35731
     0 | D:1      | 0 ||| qw: Game counter: 6369
     0 | D:1      | 0 ||| qw: Always use a shield: true
     0 | D:1      | 0 ||| qw: Do Orc after D:15 true
     0 | D:1      | 0 ||| qw: Do second Lair branch before Depths: true
     0 | D:1      | 0 ||| qw: Lair rune preference: random
     0 | D:1      | 0 ||| qw: Plans: Normal
     0 | D:1      | 0 ||| PLANNING D:1-11
   207 | D:1      | Reached XP level 2. HP: 26/26 MP: 1/1
   422 | D:1      | 422 ||| Stepping ~*~*~tactically~*~*~ (stealth).
   424 | D:1      | 424 ||| Stepping ~*~*~tactically~*~*~ (stealth).
   427 | D:1      | 427 ||| Stepping ~*~*~tactically~*~*~ (stealth).
   523 | D:1      | 523 ||| Stepping ~*~*~tactically~*~*~ (hiding).
   908 | D:1      | 908 ||| UPGRADING to +0 leather armour.
   918 | D:1      | 918 ||| DROPPING +0 animal skin.
   919 | D:1      | 919 ||| UPGRADING to +0 ring mail.
   929 | D:1      | 929 ||| DROPPING +0 leather armour.
   930 | D:1      | 930 ||| UPGRADING to +0 buckler.
   935 | D:1      | 935 ||| DROPPING amulet of faith.
   936 | D:1      | 936 ||| READING 2 scrolls labelled YLAIRY ZU ELAS.
   937 | D:1      | 937 ||| READING scroll labelled GAFIRYICVA.
   938 | D:1      | 938 ||| READING scroll labelled JYCZEI FAJE.
   939 | D:1      | 939 ||| DRINKING 2 murky black potions.
   940 | D:1      | 940 ||| DROPPING potion of flight.
   972 | D:2      | Found a hide-covered altar of Uskayaw.
  1085 | D:2      | Reached XP level 3. HP: 31/31 MP: 2/2
  1195 | D:2      | Reached skill level 1 in Shields
  1242 | D:2      | Found a faded altar of an unknown god.
  1466 | D:2      | 1466 ||| UPGRADING to +0 scale mail.
  1476 | D:2      | 1476 ||| DROPPING +0 ring mail.
  1477 | D:2      | 1477 ||| READING scroll labelled SESUYRIXIO.
  1478 | D:2      | 1478 ||| DRINKING 3 lumpy pink potions.
  1568 | D:3      | Reached ** piety under Trog
  1607 | D:3      | Found a large runed translucent door.
  1607 | D:3      | Found a large runed translucent door.
  1609 | D:3      | Noticed qw's ghost (amateur MiBe)
  1745 | D:3      | Found an opulent altar of Gozag.
  1810 | D:3      | Found a radiant altar of Vehumet.
  1816 | D:3      | Found a hide-covered altar of Uskayaw.
  1821 | D:3      | Found an ancient bone altar of Kikubaaqudgha.
  2008 | D:3      | 2008 ||| INVOKING Berserk.
  2173 | D:3      | Identified the +0 leather armour of the Wasteland {Harm
                  | rElec rN+ Str+2 Int-2}
  2341 | D:3      | Reached XP level 4. HP: 39/39 MP: 3/3
  2378 | D:3      | 2378 ||| Stepping ~*~*~tactically~*~*~ (hiding).
  2381 | D:3      | 2381 ||| INVOKING Berserk.
  2392 | D:3      | 2392 ||| DRINKING 4 potions of curing.
  2392 | D:3      | 2392 ||| (to cure confusion)
  2398 | D:3      | Reached skill level 6 in Axes
  2408 | D:3      | 2408 ||| DRINKING 3 potions of curing.
  2408 | D:3      | 2408 ||| (to cure confusion)
  2412 | D:3      | 2412 ||| DRINKING 2 potions of curing.
  2412 | D:3      | 2412 ||| (to cure confusion)
  2499 | D:3      | 2499 ||| DROPPING +0 whip.
  2567 | D:3      | Identified the +1 cloak of Egalitarianism {Dex+4}
  2758 | D:3      | 2758 ||| UPGRADING to +1 cloak of Egalitarianism {Dex+4}.
  2763 | D:3      | 2763 ||| UPGRADING to +0 pair of gloves.
  2768 | D:3      | 2768 ||| DROPPING +0 leather armour of the Wasteland {Harm
                  | rElec rN+ Str+2 Int-2}.
  2769 | D:3      | 2769 ||| READING scroll of enchant armour.
  2769 | D:3      | 2769 ||| ENCHANTING +0 pair of gloves.
  2770 | D:3      | 2770 ||| UPGRADING to +4 ring of evasion.
  2771 | D:3      | 2771 ||| READING scroll labelled ONUSER RIDUH.
  2872 | D:3      | 2872 ||| READING scroll labelled TISCHUR XUCESSO.
  3014 | D:4      | 3014 ||| INVOKING Berserk.
  3017 | D:4      | Reached XP level 5. HP: 45/45 MP: 4/4
  3049 | D:4      | 3049 ||| FLEEEEING.
  3050 | D:4      | 3050 ||| FLEEEEING.
  3051 | D:4      | 3051 ||| FLEEEEING.
  3052 | D:4      | 3052 ||| Stepping ~*~*~tactically~*~*~ (hiding).
  3064 | D:4      | 3064 ||| INVOKING Berserk.
  3088 | D:4      | 3088 ||| FLEEEEING.
  3386 | D:4      | Reached XP level 6. HP: 53/53 MP: 5/5
  3403 | D:4      | Identified the amulet of Qigoimpo {RegenMP rF++ rCorr
                  | Dex-3}
  3493 | D:4      | 3493 ||| FLEEEEING.
  3494 | D:4      | 3494 ||| FLEEEEING.
  3495 | D:4      | 3495 ||| FLEEEEING.
  3496 | D:4      | 3496 ||| FLEEEEING.
  3497 | D:4      | 3497 ||| FLEEEEING.
  3498 | D:4      | 3498 ||| FLEEEEING.
  3499 | D:4      | 3499 ||| FLEEEEING.
  3500 | D:4      | 3500 ||| FLEEEEING.
  3501 | D:4      | 3501 ||| FLEEEEING.
  3502 | D:4      | 3502 ||| FLEEEEING.
  3503 | D:4      | 3503 ||| FLEEEEING.
  3504 | D:4      | 3504 ||| FLEEEEING.
  3506 | D:4      | 3506 ||| FLEEEEING.
  3507 | D:4      | 3507 ||| FLEEEEING.
  3508 | D:4      | 3508 ||| STAIRDANCE
  3661 | D:3      | 3661 ||| UPGRADING to amulet of Qigoimpo {RegenMP rF++
                  | rCorr Dex-3}.
  3666 | D:3      | 3666 ||| READING scroll labelled SICYSA QICSORCH.
  3667 | D:3      | 3667 ||| READING 2 scrolls labelled BIH FUHUMUCK.
  3668 | D:3      | 3668 ||| READING scroll labelled POMOKU RE HUY.
  3669 | D:3      | 3669 ||| DRINKING 3 fuming golden potions.
  3670 | D:3      | 3670 ||| READING 6 scrolls of identify.
  3670 | D:3      | 3670 ||| IDENTIFYING brown potion
  3671 | D:3      | 3671 ||| READING 5 scrolls of identify.
  3671 | D:3      | 3671 ||| IDENTIFYING smoky red potion
  3672 | D:3      | 3672 ||| READING 4 scrolls of identify.
  3672 | D:3      | 3672 ||| IDENTIFYING purple potion
  3673 | D:3      | 3673 ||| DROPPING potion of brilliance.
  3674 | D:3      | 3674 ||| DROPPING 2 potions of magic.
  3675 | D:3      | 3675 ||| DROPPING scroll of fog.
  3676 | D:3      | 3676 ||| DROPPING potion of attraction.
  3923 | D:4      | 3923 ||| READING 3 scrolls of identify.
  3923 | D:4      | 3923 ||| IDENTIFYING puce potion
  3931 | D:5      | Entered Level 5 of the Dungeon
  3981 | D:5      | 3981 ||| Stepping ~*~*~tactically~*~*~ (hiding).
  3997 | D:5      | Noticed a water moccasin
  4001 | D:5      | Killed a water moccasin
  4002 | D:5      | Reached XP level 7. HP: 60/60 MP: 6/6
  4022 | D:5      | 4022 ||| Stepping ~*~*~tactically~*~*~ (hiding).
  4023 | D:5      | 4023 ||| Stepping ~*~*~tactically~*~*~ (hiding).
  4024 | D:5      | 4024 ||| INVOKING Berserk.
  4028 | D:5      | Reached skill level 9 in Axes
  4033 | D:5      | Reached skill level 3 in Shields
  4058 | D:5      | 4058 ||| FLEEEEING.
  4061 | D:5      | Found a transporter.
  4134 | D:5      | Found a transporter.
  4147 | D:5      | 4147 ||| READING 2 scrolls of teleportation.
  4148 | D:5      | 4148 ||| FLEEEEING.
  4207 | D:5      | 4207 ||| Stepping ~*~*~tactically~*~*~ (stealth).
  4209 | D:5      | 4209 ||| Stepping ~*~*~tactically~*~*~ (stealth).
  4265 | D:5      | 4265 ||| INVOKING Berserk.
  4274 | D:5      | Reached *** piety under Trog
  4437 | D:5      | Found a burning altar of Makhleb.
  4437 | D:5      | Found a snail-covered altar of Cheibriados.
  4445 | D:5      | Found an ornate altar of the Wu Jian Council.
  4447 | D:5      | Found a faded altar of an unknown god.
  4449 | D:5      | Found a shimmering blue altar of Sif Muna.
  4533 | D:5      | Reached skill level 3 in Armour
  4533 | D:5      | 4533 ||| Stepping ~*~*~tactically~*~*~ (stealth).
  4692 | D:5      | 4692 ||| DROPPING ring of flight.
  4693 | D:5      | 4693 ||| READING 2 scrolls of identify.
  4693 | D:5      | 4693 ||| IDENTIFYING murky yellow potion
  4694 | D:5      | 4694 ||| DROPPING potion of ambrosia.
  4737 | D:6      | Found Revam's Distillery.
  4743 | D:6      | 4743 ||| INVOKING Berserk.
  4746 | D:6      | Reached skill level 6 in Fighting
  4746 | D:6      | Reached XP level 8. HP: 70/70 MP: 7/7
  4941 | D:6      | 4941 ||| BUYING potion of cancellation (80 gold).
  4941 | D:6      | Bought a potion of cancellation for 80 gold pieces
  4941 | D:6      | 4941 ||| BUYING potion of cancellation (80 gold).
  4941 | D:6      | Bought a potion of cancellation for 80 gold pieces
  4941 | D:6      | 4941 ||| BUYING potion of heal wounds (50 gold).
  4941 | D:6      | Bought a potion of heal wounds for 50 gold pieces
  4941 | D:6      | 4941 ||| BUYING potion of might (40 gold).
  4941 | D:6      | Bought a potion of might for 40 gold pieces
  4941 | D:6      | 4941 ||| BUYING potion of might (40 gold).
  4941 | D:6      | Bought a potion of might for 40 gold pieces
  4941 | D:6      | 4941 ||| SHOPLISTING potion of mutation (80 gold, have 7).
  4958 | D:6      | Found Tuzus's General Store.
  4964 | D:6      | 4964 ||| SHOPLISTING scroll of identify (30 gold, have 22).
  4964 | D:6      | 4964 ||| SHOPLISTING scroll of teleportation (45 gold, have
                  | 22).
  5025 | D:6      | Noticed Blork the orc
  5026 | D:6      | 5026 ||| Stepping ~*~*~tactically~*~*~ (hiding).
  5031 | D:6      | 5031 ||| INVOKING Berserk.
  5036 | D:6      | Killed Blork the orc
  5173 | D:6      | 5173 ||| INVOKING Berserk.
  5643 | D:6      | 5643 ||| Stepping ~*~*~tactically~*~*~ (hiding).
  5814 | D:6      | 5814 ||| DROPPING orb of light.
  5815 | D:6      | 5815 ||| UPGRADING to ring of see invisible.
  5862 | D:7      | 5862 ||| INVOKING Berserk.
  6008 | D:7      | 6008 ||| INVOKING Berserk.
  6130 | D:7      | Found a staircase to the Ecumenical Temple.
  6343 | D:7      | 6343 ||| INVOKING Berserk.
  6345 | D:7      | Reached skill level 12 in Axes
  6602 | D:7      | 6602 ||| INVOKING Berserk.
  6713 | D:7      | 6713 ||| SWAPPING to +0 vorpal war axe.
  6714 | D:7      | 6714 ||| DROPPING +0 hand axe of draining.
  7074 | D:7      | 7074 ||| READING scroll labelled DAUCIFFOSEK.
  7099 | D:8      | Found Zoom's Mass Market.
  7106 | D:8      | Reached XP level 9. HP: 79/79 MP: 8/8
  7124 | D:8      | Reached skill level 3 in Dodging
  7133 | D:8      | 7133 ||| SHOPLISTING +0 plate armour (230 gold, have 103).
  7133 | D:8      | 7133 ||| SHOPLISTING +2 tower shield (165 gold, have 103).
  7257 | D:8      | 7257 ||| Stepping ~*~*~tactically~*~*~ (hiding).
  7258 | D:8      | 7258 ||| Stepping ~*~*~tactically~*~*~ (stealth).
  7268 | D:8      | 7268 ||| INVOKING Berserk.
  7281 | D:8      | 7281 ||| FLEEEEING.
  7281 | D:8      | Noticed Prince Ribbit
  7282 | D:8      | 7282 ||| FLEEEEING.
  7283 | D:8      | 7283 ||| FLEEEEING.
  7284 | D:8      | 7284 ||| FLEEEEING.
  7286 | D:8      | 7286 ||| STAIRDANCE
  7313 | D:7      | Killed Prince Ribbit
  7314 | D:7      | Reached skill level 4 in Armour
  7557 | D:8      | 7557 ||| DRINKING 3 potions of curing.
  7557 | D:8      | 7557 ||| (to cure confusion)
  7563 | D:8      | 7563 ||| FLEEEEING.
  7564 | D:8      | 7564 ||| FLEEEEING.
  7565 | D:8      | 7565 ||| FLEEEEING.
  7566 | D:8      | 7566 ||| FLEEEEING.
  7567 | D:8      | 7567 ||| FLEEEEING.
  7568 | D:8      | 7568 ||| FLEEEEING.
  7569 | D:8      | 7569 ||| FLEEEEING.
  7570 | D:8      | 7570 ||| FLEEEEING.
  7639 | D:8      | 7639 ||| INVOKING Berserk.
  7682 | D:8      | 7682 ||| Stepping ~*~*~tactically~*~*~ (stealth).
  7811 | D:8      | 7811 ||| INVOKING Berserk.
  7950 | D:8      | Noticed a cyclops
  7951 | D:8      | 7951 ||| INVOKING Berserk.
  7957 | D:8      | Reached skill level 1 in Throwing
  7959 | D:8      | Killed a cyclops
  7960 | D:8      | Reached XP level 10. HP: 89/89 MP: 9/9
  8089 | D:8      | 8089 ||| INVOKING Berserk.
  8240 | D:8      | 8240 ||| Stepping ~*~*~tactically~*~*~ (stealth).
  8555 | D:8      | Reached skill level 15 in Axes
  8678 | D:8      | Noticed Maurice
  8698 | D:8      | Killed Maurice
  8699 | D:8      | Reached skill level 9 in Fighting
  8752 | D:8      | 8752 ||| UPGRADING to +1 chain mail of cold resistance.
  8762 | D:8      | 8762 ||| DROPPING +0 scale mail.
  8763 | D:8      | 8763 ||| DROPPING +1 cloak of preservation.
  8764 | D:8      | 8764 ||| DROPPING ring of ice.
  8765 | D:8      | 8765 ||| READING scroll labelled ZOSAUBL ZETUALL.
  8766 | D:8      | 8766 ||| READING 2 scrolls of identify.
  8766 | D:8      | 8766 ||| IDENTIFYING fuming pink potion
  8767 | D:8      | 8767 ||| DROPPING potion of lignification.
  8865 | D:9      | 8865 ||| READING scroll of enchant weapon.
  8865 | D:9      | 8865 ||| ENCHANTING +1 vorpal war axe.
  8913 | D:9      | 8913 ||| FLEEEEING.
  8914 | D:9      | 8914 ||| FLEEEEING.
  8915 | D:9      | 8915 ||| FLEEEEING.
  8917 | D:9      | 8917 ||| FLEEEEING.
  8918 | D:9      | 8918 ||| FLEEEEING.
  8919 | D:9      | 8919 ||| FLEEEEING.
  8920 | D:9      | 8920 ||| FLEEEEING.
  8921 | D:9      | 8921 ||| FLEEEEING.
  8922 | D:9      | 8922 ||| FLEEEEING.
  8923 | D:9      | 8923 ||| FLEEEEING.
  8924 | D:9      | 8924 ||| FLEEEEING.
  8925 | D:9      | 8925 ||| FLEEEEING.
  8926 | D:9      | 8926 ||| FLEEEEING.
  8927 | D:9      | 8927 ||| FLEEEEING.
  8928 | D:9      | 8928 ||| FLEEEEING.
  8929 | D:9      | 8929 ||| FLEEEEING.
  8938 | D:9      | 8938 ||| STAIRDANCE
  9013 | D:9      | Identified the +2 crystal plate armour of the Present {rF+
                  | rN+ Str-3}
  9161 | D:9      | Reached skill level 5 in Armour
  9166 | D:9      | Reached skill level 6 in Armour
  9167 | D:9      | Reached **** piety under Trog
  9334 | D:9      | Found a staircase to the Lair.
  9359 | D:9      | 9359 ||| Stepping ~*~*~tactically~*~*~ (hiding).
  9398 | D:9      | 9398 ||| Stepping ~*~*~tactically~*~*~ (stealth).
  9563 | D:9      | 9563 ||| Stepping ~*~*~tactically~*~*~ (stealth).
  9571 | D:9      | 9571 ||| Stepping ~*~*~tactically~*~*~ (hiding).
  9575 | D:9      | 9575 ||| Stepping ~*~*~tactically~*~*~ (hiding).
  9577 | D:9      | 9577 ||| Stepping ~*~*~tactically~*~*~ (hiding).
  9578 | D:9      | 9578 ||| Stepping ~*~*~tactically~*~*~ (hiding).
  9590 | D:9      | 9590 ||| INVOKING Berserk.
  9938 | D:9      | 9938 ||| PLANNING LAIR
  9938 | D:9      | 9938 ||| UPGRADING to +2 crystal plate armour of the
                  | Present {rF+ rN+ Str-3}.
  9948 | D:9      | 9948 ||| DROPPING +1 chain mail of cold resistance.
  9977 | Lair:1   | Entered Level 1 of the Lair of Beasts
 10111 | Lair:1   | 10111 ||| Stepping ~*~*~tactically~*~*~ (stealth).
 10120 | Lair:1   | Reached skill level 7 in Armour
 10196 | Lair:1   | Noticed a black mamba
 10199 | Lair:1   | 10199 ||| INVOKING Berserk.
 10200 | Lair:1   | Killed a black mamba
 10201 | Lair:1   | Reached XP level 11. HP: 97/97 MP: 10/10
 10394 | Lair:1   | 10394 ||| INVOKING Berserk.
 10403 | Lair:1   | Reached skill level 8 in Armour
 10525 | Lair:1   | Noticed a four-headed hydra
 10526 | Lair:1   | 10526 ||| INVOKING Brothers in Arms.
 10529 | Lair:1   | 10529 ||| SWAPPING to +0 morningstar.
 10530 | Lair:1   | 10530 ||| INVOKING Berserk.
 10534 | Lair:1   | Killed a four-headed hydra
 10569 | Lair:1   | 10569 ||| SWAPPING to +2 vorpal war axe.
 10648 | Lair:1   | Noticed Joseph
 10654 | Lair:1   | 10654 ||| INVOKING Berserk.
 10656 | Lair:1   | Killed Joseph
 10657 | Lair:1   | Reached skill level 9 in Armour
 10808 | Lair:1   | Noticed Harold
 10812 | Lair:1   | 10812 ||| INVOKING Berserk.
 10817 | Lair:1   | Killed Harold
 10818 | Lair:1   | Reached skill level 10 in Armour
 11155 | Lair:2   | Identified the +1 ring mail of Chimes {rC++ Str-3}
 11172 | Lair:2   | Noticed a catoblepas
 11172 | Lair:2   | Noticed a boulder beetle
 11173 | Lair:2   | 11173 ||| Stepping ~*~*~tactically~*~*~ (hiding).
 11176 | Lair:2   | 11176 ||| INVOKING Berserk.
 11180 | Lair:2   | Noticed a seven-headed hydra
 11183 | Lair:2   | Killed a catoblepas
 11184 | Lair:2   | Reached skill level 6 in Shields
 11193 | Lair:2   | Killed a 16-headed hydra
 11194 | Lair:2   | Reached skill level 11 in Armour
 11209 | Lair:2   | HP: 22/97 [boulder beetle (10)]
 11210 | Lair:2   | 11210 ||| READING 3 scrolls of teleportation.
 11211 | Lair:2   | 11211 ||| DRINKING 3 potions of heal wounds.
 11212 | Lair:2   | Noticed a boulder beetle
 11223 | Lair:2   | Killed a boulder beetle
 11249 | Lair:2   | 11249 ||| INVOKING Berserk.
 11249 | Lair:2   | Killed a boulder beetle
 11360 | Lair:2   | 11360 ||| Stepping ~*~*~tactically~*~*~ (stealth).
 11362 | Lair:2   | 11362 ||| Stepping ~*~*~tactically~*~*~ (stealth).
 11543 | Lair:2   | 11543 ||| INVOKING Berserk.
 11637 | Lair:2   | 11637 ||| Stepping ~*~*~tactically~*~*~ (stealth).
 11694 | Lair:2   | 11694 ||| Stepping ~*~*~tactically~*~*~ (hiding).
 11695 | Lair:2   | 11695 ||| DRINKING 3 potions of cancellation.
 11696 | Lair:2   | 11696 ||| Stepping ~*~*~tactically~*~*~ (hiding).
 11714 | Lair:2   | 11714 ||| DRINKING 2 potions of cancellation.
 11818 | Lair:2   | Noticed Erica
 11825 | Lair:2   | 11825 ||| INVOKING Berserk.
 11830 | Lair:2   | Killed Erica
 11831 | Lair:2   | Reached skill level 12 in Armour
 11972 | Lair:2   | 11972 ||| INVOKING Berserk.
 12035 | Lair:2   | Found the +8 orange crystal plate armour {Archmagi, Int+3
                  | Clar}
 12049 | Lair:2   | Noticed Maggie
 12056 | Lair:2   | Killed Maggie
 12059 | Lair:2   | 12059 ||| SWAPPING to +2 war axe of flaming.
 12060 | Lair:2   | 12060 ||| DROPPING +0 morningstar.
 12061 | Lair:2   | 12061 ||| DROPPING +2 vorpal war axe.
 12084 | Lair:2   | 12084 ||| INVOKING Berserk.
 12088 | Lair:2   | Reached XP level 12. HP: 107/107 MP: 11/11
 12209 | Lair:2   | 12209 ||| Stepping ~*~*~tactically~*~*~ (cloud).
 12210 | Lair:2   | 12210 ||| INVOKING Berserk.
 12379 | Lair:2   | Found a staircase to the Swamp.
 12393 | Lair:2   | Noticed a boulder beetle
 12397 | Lair:2   | 12397 ||| INVOKING Berserk.
 12407 | Lair:2   | Killed a boulder beetle
 12701 | Lair:2   | 12701 ||| DRINKING potion of cancellation.
 12943 | Lair:2   | 12943 ||| Stepping ~*~*~tactically~*~*~ (stealth).
 12949 | Lair:2   | 12949 ||| INVOKING Berserk.
 13143 | Lair:2   | 13143 ||| UPGRADING to +8 orange crystal plate armour
                  | {Archmagi, Int+3 Clar}.
 13153 | Lair:2   | 13153 ||| DROPPING +2 crystal plate armour of the Present
                  | {rF+ rN+ Str-3}.
 13154 | Lair:2   | 13154 ||| UPGRADING to ring of poison resistance.
 13156 | Lair:2   | 13156 ||| READING scroll labelled HUV ROBRIUTAA.
 13157 | Lair:2   | 13157 ||| READING scroll labelled MYRIAH XUMIATROI.
 13284 | Lair:3   | Reached skill level 13 in Armour
 13413 | Lair:3   | 13413 ||| FLEEEEING.
 13684 | Lair:3   | Found a staircase to the Snake Pit.
 13704 | Lair:3   | Reached skill level 12 in Fighting
 13839 | Lair:3   | 13839 ||| READING 2 scrolls labelled ZUIPRITZEH.
 13840 | Lair:3   | 13840 ||| DROPPING scroll of fear.
 13971 | Lair:3   | 13971 ||| Stepping ~*~*~tactically~*~*~ (stealth).
 13973 | Lair:3   | 13973 ||| Stepping ~*~*~tactically~*~*~ (stealth).
 13999 | Lair:3   | 13999 ||| Stepping ~*~*~tactically~*~*~ (stealth).
 14145 | Lair:3   | 14145 ||| Stepping ~*~*~tactically~*~*~ (stealth).
 14150 | Lair:3   | 14150 ||| Stepping ~*~*~tactically~*~*~ (stealth).
 14151 | Lair:3   | 14151 ||| Stepping ~*~*~tactically~*~*~ (stealth).
 14154 | Lair:3   | Noticed a dire elephant
 14154 | Lair:3   | 14154 ||| Stepping ~*~*~tactically~*~*~ (stealth).
 14155 | Lair:3   | 14155 ||| Stepping ~*~*~tactically~*~*~ (stealth).
 14156 | Lair:3   | 14156 ||| Stepping ~*~*~tactically~*~*~ (stealth).
 14162 | Lair:3   | 14162 ||| INVOKING Berserk.
 14171 | Lair:3   | Killed a dire elephant
 14172 | Lair:3   | Reached skill level 14 in Armour
 14255 | Lair:3   | 14255 ||| Stepping ~*~*~tactically~*~*~ (stealth).
 14256 | Lair:3   | 14256 ||| Stepping ~*~*~tactically~*~*~ (stealth).
 14257 | Lair:3   | 14257 ||| Stepping ~*~*~tactically~*~*~ (stealth).
 14386 | Lair:4   | 14386 ||| INVOKING Berserk.
 14402 | Lair:4   | Reached XP level 13. HP: 122/122 MP: 12/12
 14577 | Lair:4   | 14577 ||| Stepping ~*~*~tactically~*~*~ (hiding).
 14581 | Lair:4   | 14581 ||| Stepping ~*~*~tactically~*~*~ (cloud).
 14581 | Lair:4   | Noticed Kirke
 14582 | Lair:4   | 14582 ||| INVOKING Trog's Hand.
 14583 | Lair:4   | 14583 ||| Stepping ~*~*~tactically~*~*~ (cloud).
 14584 | Lair:4   | 14584 ||| INVOKING Berserk.
 14598 | Lair:4   | Reached skill level 15 in Armour
 14614 | Lair:4   | Killed Kirke
 14615 | Lair:4   | Reached skill level 3 in Throwing
 14618 | Lair:4   | 14618 ||| FLEEEEING.
 14636 | Lair:4   | 14636 ||| FLEEEEING.
 14637 | Lair:4   | 14637 ||| STAIRDANCE
 14653 | Lair:4   | 14653 ||| Stepping ~*~*~tactically~*~*~ (stealth).
 14655 | Lair:4   | 14655 ||| Stepping ~*~*~tactically~*~*~ (hiding).
 14659 | Lair:4   | 14659 ||| INVOKING Berserk.
 14817 | Lair:4   | Reached skill level 9 in Shields
 14931 | Lair:4   | 14931 ||| INVOKING Berserk.
 15206 | Lair:4   | 15206 ||| Stepping ~*~*~tactically~*~*~ (hiding).
 15584 | Lair:4   | 15584 ||| INVOKING Berserk.
 15797 | Lair:4   | 15797 ||| DRINKING 2 amethyst potions.
 15826 | Lair:5   | Entered Level 5 of the Lair of Beasts
 15831 | Lair:5   | 15831 ||| Stepping ~*~*~tactically~*~*~ (stealth).
 15833 | Lair:5   | 15833 ||| Stepping ~*~*~tactically~*~*~ (stealth).
 15835 | Lair:5   | 15835 ||| INVOKING Berserk.
 15967 | Lair:5   | 15967 ||| Stepping ~*~*~tactically~*~*~ (stealth).
 15973 | Lair:5   | 15973 ||| INVOKING Berserk.
 16145 | Lair:5   | Found a staircase to the Slime Pits.
 16312 | Lair:5   | 16312 ||| INVOKING Berserk.
 16565 | Lair:5   | 16565 ||| FLEEEEING.
 16566 | Lair:5   | 16566 ||| FLEEEEING.
 16567 | Lair:5   | 16567 ||| FLEEEEING.
 16605 | Lair:5   | 16605 ||| FLEEEEING.
 16606 | Lair:5   | 16606 ||| FLEEEEING.
 16665 | Lair:5   | 16665 ||| INVOKING Berserk.
 16814 | Lair:5   | 16814 ||| INVOKING Berserk.
 16819 | Lair:5   | Reached skill level 16 in Armour
 17055 | Lair:5   | 17055 ||| INVOKING Berserk.
 17152 | Lair:5   | Noticed a dire elephant
 17152 | Lair:5   | Noticed a dire elephant
 17154 | Lair:5   | Noticed a dire elephant
 17293 | Lair:5   | 17293 ||| FLEEEEING.
 17297 | Lair:5   | 17297 ||| FLEEEEING.
 17298 | Lair:5   | 17298 ||| FLEEEEING.
 17299 | Lair:5   | 17299 ||| FLEEEEING.
 17300 | Lair:5   | 17300 ||| FLEEEEING.
 17301 | Lair:5   | 17301 ||| FLEEEEING.
 17302 | Lair:5   | 17302 ||| FLEEEEING.
 17303 | Lair:5   | 17303 ||| FLEEEEING.
 17304 | Lair:5   | 17304 ||| FLEEEEING.
 17307 | Lair:5   | 17307 ||| FLEEEEING.
 17308 | Lair:5   | 17308 ||| FLEEEEING.
 17309 | Lair:5   | 17309 ||| FLEEEEING.
 17345 | Lair:5   | 17345 ||| Stepping ~*~*~tactically~*~*~ (stealth).
 17445 | Lair:5   | Noticed a dire elephant
 17448 | Lair:5   | 17448 ||| INVOKING Berserk.
 17456 | Lair:5   | Killed a dire elephant
 17694 | Lair:5   | 17694 ||| Stepping ~*~*~tactically~*~*~ (stealth).
 17696 | Lair:5   | 17696 ||| INVOKING Berserk.
 17704 | Lair:5   | Killed a dire elephant
 17711 | Lair:5   | Killed a dire elephant
 17712 | Lair:5   | Reached skill level 17 in Armour
 17718 | Lair:5   | Killed a dire elephant
 17888 | Lair:5   | 17888 ||| INVOKING Brothers in Arms.
 17889 | Lair:5   | 17889 ||| INVOKING Brothers in Arms.
 17892 | Lair:5   | 17892 ||| INVOKING Berserk.
 17911 | Lair:5   | 17911 ||| INVOKING Brothers in Arms.
 17912 | Lair:5   | 17912 ||| INVOKING Brothers in Arms.
 17913 | Lair:5   | 17913 ||| INVOKING Brothers in Arms.
 17913 | Lair:5   | Gained mutation: Your magical capacity is low. (-10% MP) [a
                  | neqoxec]
 17914 | Lair:5   | 17914 ||| INVOKING Brothers in Arms.
 17915 | Lair:5   | Gained mutation: Your spells are a little harder to cast,
                  | but a little more powerful. [a neqoxec]
 18092 | Lair:5   | Reached XP level 14. HP: 92/133 MP: 11/11
 18504 | Lair:5   | 18504 ||| PLANNING D:1-11
 18641 | D:10     | Entered Level 10 of the Dungeon
 18658 | D:10     | 18658 ||| INVOKING Berserk.
 18665 | D:10     | Reached skill level 15 in Fighting
 18775 | D:10     | 18775 ||| INVOKING Berserk.
 18891 | D:10     | 18891 ||| INVOKING Berserk.
 18910 | D:10     | Reached skill level 6 in Dodging
 19193 | D:10     | 19193 ||| Stepping ~*~*~tactically~*~*~ (stealth).
 19194 | D:10     | 19194 ||| Stepping ~*~*~tactically~*~*~ (stealth).
 19236 | D:10     | 19236 ||| Stepping ~*~*~tactically~*~*~ (hiding).
 19238 | D:10     | Paralysed by an orc for 5 turns
 19446 | D:10     | Noticed Erolcha
 19447 | D:10     | 19447 ||| INVOKING Trog's Hand.
 19450 | D:10     | 19450 ||| INVOKING Berserk.
 19454 | D:10     | Killed Erolcha
 19590 | D:10     | 19590 ||| READING scroll of enchant weapon.
 19590 | D:10     | 19590 ||| ENCHANTING +2 war axe of flaming.
 19728 | D:10     | Found a staircase to the Orcish Mines.
 19812 | D:11     | Found a gate leading to a gauntlet.
 19813 | D:11     | 19813 ||| PLANNING GAUNTLET
 19813 | D:11     | 19813 ||| Stepping ~*~*~tactically~*~*~ (hiding).
 19836 | Gauntlet | Entered a Gauntlet
 19836 | Gauntlet | Found a transporter.
 19855 | Gauntlet | Found a transporter.
 19860 | Gauntlet | Found a transporter.
 19865 | Gauntlet | Found a transporter.
 19880 | Gauntlet | Found a transporter.
 19899 | Gauntlet | Found a transporter.
 19907 | Gauntlet | Noticed a balrug
 19911 | Gauntlet | Found a transporter.
 19923 | Gauntlet | Found a transporter.
 19929 | Gauntlet | Found a transporter.
 19931 | Gauntlet | Found a transporter.
 19948 | Gauntlet | Found a transporter.
 19960 | Gauntlet | Found a transporter.
 19977 | Gauntlet | Found a transporter.
 19994 | Gauntlet | Found a transporter.
 19996 | Gauntlet | Found a transporter.
 20021 | Gauntlet | Found a transporter.
 20025 | Gauntlet | Found a transporter.
 20053 | Gauntlet | Found a transporter.
 20248 | Gauntlet | 20248 ||| INVOKING Berserk.
 20279 | Gauntlet | 20279 ||| Stepping ~*~*~tactically~*~*~ (stealth).
 20388 | Gauntlet | Identified a ring of the Dropbear {*Slow +Blink rElec rC+
                  | Will+}
 20390 | Gauntlet | 20390 ||| DROPPING ring of the Dropbear {*Slow +Blink rElec
                  | rC+ Will+}.
 20411 | Gauntlet | 20411 ||| Stepping randomly (stuck).
 20412 | Gauntlet | 20412 ||| Stepping randomly (stuck).
 20414 | Gauntlet | 20414 ||| Stepping randomly (stuck).
 20416 | Gauntlet | 20416 ||| Stepping randomly (stuck).
 20418 | Gauntlet | 20418 ||| Stepping randomly (stuck).
 20420 | Gauntlet | 20420 ||| Stepping randomly (stuck).
 20421 | Gauntlet | 20421 ||| Stepping randomly (stuck).
 20422 | Gauntlet | 20422 ||| Stepping randomly (stuck).
 20424 | Gauntlet | 20424 ||| Stepping randomly (stuck).
 20431 | Gauntlet | 20431 ||| Stepping randomly (stuck).
 20433 | Gauntlet | 20433 ||| Stepping randomly (stuck).
 20434 | Gauntlet | 20434 ||| Stepping randomly (stuck).
 20497 | Gauntlet | 20497 ||| UPGRADING to +2 hat of intelligence.
 20552 | Gauntlet | 20552 ||| Stepping ~*~*~tactically~*~*~ (cloud).
 20637 | Gauntlet | Identified the ring of Jealousy {Contam rF+ rC+++ Dex-3
                  | Stlth+}
 20639 | Gauntlet | 20639 ||| UPGRADING to ring of Jealousy {Contam rF+ rC+++
                  | Dex-3 Stlth+}.
 20641 | Gauntlet | 20641 ||| UPGRADING to ring of poison resistance.
 20643 | Gauntlet | 20643 ||| DROPPING ring of see invisible.
 20650 | Gauntlet | Identified the +9 flail "Riechusk" {vorpal, Dex+4}
 20658 | Gauntlet | 20658 ||| INVOKING Berserk.
 20669 | Gauntlet | Reached skill level 18 in Armour
 20881 | Gauntlet | 20881 ||| READING scroll of enchant weapon.
 20881 | Gauntlet | 20881 ||| ENCHANTING +3 war axe of flaming.
 20998 | Gauntlet | 20998 ||| READING scroll labelled HITHUU QISOIKO.
 21005 | D:11     | 21005 ||| PLANNING D:1-11
 21218 | D:11     | Noticed Fannar
 21219 | D:11     | 21219 ||| Stepping ~*~*~tactically~*~*~ (stealth).
 21238 | D:11     | Killed Fannar
 21288 | D:11     | 21288 ||| Stepping ~*~*~tactically~*~*~ (stealth).
 21290 | D:11     | 21290 ||| Stepping ~*~*~tactically~*~*~ (hiding).
 21493 | D:11     | 21493 ||| Stepping ~*~*~tactically~*~*~ (stealth).
 21501 | D:11     | 21501 ||| Stepping ~*~*~tactically~*~*~ (stealth).
 21607 | D:11     | 21607 ||| Invisible monster not found???
 21961 | D:11     | 21961 ||| Stepping ~*~*~tactically~*~*~ (hiding).
 22059 | D:11     | 22059 ||| PLANNING D
 22059 | D:11     | 22059 ||| READING scroll labelled SES BEKAUSUIMA.
 22059 | D:11     | Identified a scroll of acquirement
 22059 | D:11     | 22059 ||| ACQUIRING +7 broad axe "Waokk" {vorpal, Stlth+}
 22059 | D:11     | Acquired the +7 broad axe "Waokk" {vorpal, Stlth+}
 22061 | D:11     | 22061 ||| SWAPPING to +7 broad axe "Waokk" {vorpal,
                  | Stlth+}.
 22062 | D:11     | 22062 ||| DRINKING 2 viscous ruby potions.
 22063 | D:11     | 22063 ||| READING 9 scrolls of identify.
 22063 | D:11     | 22063 ||| IDENTIFYING yellow potion
 22064 | D:11     | 22064 ||| DROPPING potion of degeneration.
 22110 | D:12     | 22110 ||| Stepping ~*~*~tactically~*~*~ (hiding).
 22115 | D:12     | 22115 ||| Stepping ~*~*~tactically~*~*~ (stealth).
 22121 | D:12     | 22121 ||| Stepping ~*~*~tactically~*~*~ (hiding).
 22184 | D:12     | Noticed Sonja
 22189 | D:12     | 22189 ||| INVOKING Brothers in Arms.
 22191 | D:12     | 22191 ||| SWAPPING to +4 war axe of flaming.
 22192 | D:12     | 22192 ||| INVOKING Berserk.
 22196 | D:12     | Reached skill level 6 in Throwing
 22206 | D:12     | 22206 ||| SWAPPING to +7 broad axe "Waokk" {vorpal,
                  | Stlth+}.
 22211 | D:12     | Killed Sonja
 22348 | D:12     | 22348 ||| Stepping ~*~*~tactically~*~*~ (hiding).
 22349 | D:12     | 22349 ||| Stepping ~*~*~tactically~*~*~ (hiding).
 22385 | D:12     | 22385 ||| Stepping ~*~*~tactically~*~*~ (stealth).
 22691 | D:12     | Noticed Rupert
 22692 | D:12     | 22692 ||| INVOKING Trog's Hand.
 22694 | D:12     | 22694 ||| INVOKING Berserk.
 22700 | D:12     | Killed Rupert
 23013 | D:12     | 23013 ||| DRINKING 2 smoky blue potions.
 23118 | D:12     | 23118 ||| DROPPING potion of berserk rage.
 23157 | D:13     | 23157 ||| STAIRDANCE
 23162 | D:13     | 23162 ||| STAIRDANCE
 23200 | D:13     | 23200 ||| Stepping ~*~*~tactically~*~*~ (stealth).
 23206 | D:13     | 23206 ||| INVOKING Berserk.
 23332 | D:13     | 23332 ||| Stepping randomly (disturbance).
 23334 | D:13     | 23334 ||| Stepping ~*~*~tactically~*~*~ (stealth).
 23335 | D:13     | 23335 ||| Stepping ~*~*~tactically~*~*~ (stealth).
 23479 | D:13     | 23479 ||| Stepping ~*~*~tactically~*~*~ (stealth).
 23736 | D:13     | 23736 ||| Stepping ~*~*~tactically~*~*~ (hiding).
 23805 | D:13     | 23805 ||| INVOKING Berserk.
 23992 | D:13     | Found Vudghi's Antique Weapon Boutique.
 24022 | D:13     | 24022 ||| Stepping ~*~*~tactically~*~*~ (hiding).
 24098 | D:13     | Reached ***** piety under Trog
 24099 | D:13     | Reached XP level 15. HP: 141/141 MP: 12/12
 24112 | D:13     | Reached skill level 18 in Axes
 24255 | D:13     | 24255 ||| DROPPING amulet of the acrobat.
 24256 | D:13     | 24256 ||| DROPPING +6 ring of strength.
 24446 | D:14     | 24446 ||| INVOKING Brothers in Arms.
 24451 | D:14     | 24451 ||| SWAPPING to +4 war axe of flaming.
 24453 | D:14     | 24453 ||| SWAPPING to +7 broad axe "Waokk" {vorpal,
                  | Stlth+}.
 24455 | D:14     | 24455 ||| SWAPPING to +4 war axe of flaming.
 24457 | D:14     | 24457 ||| SWAPPING to +7 broad axe "Waokk" {vorpal,
                  | Stlth+}.
 24703 | D:14     | 24703 ||| INVOKING Berserk.
 24719 | D:14     | 24719 ||| INVOKING Trog's Hand.
 24882 | D:14     | 24882 ||| INVOKING Trog's Hand.
 24885 | D:14     | Paralysed by a great orb of eyes for 2 turns
 24895 | D:14     | 24895 ||| SWAPPING to +4 war axe of flaming.
 24900 | D:14     | 24900 ||| SWAPPING to +7 broad axe "Waokk" {vorpal,
                  | Stlth+}.
 24910 | D:14     | Found a gate to the Vaults.
 25136 | D:14     | 25136 ||| Stepping ~*~*~tactically~*~*~ (stealth).
 25186 | D:14     | 25186 ||| READING scroll of enchant armour.
 25186 | D:14     | 25186 ||| ENCHANTING +1 pair of gloves.
 25235 | D:14     | Found a burning altar of Makhleb.
 25242 | D:14     | Identified the +5 whip of Jema {freeze, rCorr Str+2 Int+3}
 25242 | D:14     | Identified the +0 robe of the Gate {rPois Slay+2 Stlth+}
 25458 | D:14     | 25458 ||| DROPPING ring of resist corrosion.
 25495 | D:15     | Entered Level 15 of the Dungeon
 25831 | D:15     | Identified the +4 whip "Lifebane" {antimagic, rCorr Str+3}
 25834 | D:15     | 25834 ||| SWAPPING to +4 war axe of flaming.
 25842 | D:15     | 25842 ||| SWAPPING to +7 broad axe "Waokk" {vorpal,
                  | Stlth+}.
 25892 | D:15     | 25892 ||| Stepping ~*~*~tactically~*~*~ (hiding).
 26159 | D:15     | Found Zaoqyeposch's Jewellery Emporium.
 26168 | D:15     | 26168 ||| BUYING ring of Untruth {rC+ Dex+6} (800 gold).
 26168 | D:15     | Bought the ring of Untruth {rC+ Dex+6} for 800 gold pieces
 26263 | D:15     | Noticed Jorgrun
 26264 | D:15     | 26264 ||| INVOKING Berserk.
 26271 | D:15     | Killed Jorgrun
 26272 | D:15     | Reached skill level 9 in Throwing
 26707 | D:15     | 26707 ||| INVOKING Berserk.
 26763 | D:15     | Found a staircase to the Depths.
 27077 | D:15     | 27077 ||| PLANNING ORC
 27077 | D:15     | 27077 ||| DROPPING amulet of regeneration.
 27078 | D:15     | 27078 ||| UPGRADING to amulet of reflection.
 27244 | Orc:1    | Entered Level 1 of the Orcish Mines
 27307 | Orc:1    | 27307 ||| Stepping ~*~*~tactically~*~*~ (stealth).
 27400 | Orc:1    | 27400 ||| Stepping ~*~*~tactically~*~*~ (hiding).
 27420 | Orc:1    | 27420 ||| Stepping ~*~*~tactically~*~*~ (stealth).
 27422 | Orc:1    | 27422 ||| Stepping ~*~*~tactically~*~*~ (stealth).
 27602 | Orc:1    | 27602 ||| Stepping ~*~*~tactically~*~*~ (hiding).
 27796 | Orc:2    | Entered Level 2 of the Orcish Mines
 27923 | Orc:2    | Found a staircase to the Elven Halls.
 28000 | Orc:2    | 28000 ||| FLEEEEING.
 28009 | Orc:2    | 28009 ||| FLEEEEING.
 28010 | Orc:2    | 28010 ||| FLEEEEING.
 28011 | Orc:2    | 28011 ||| FLEEEEING.
 28012 | Orc:2    | 28012 ||| FLEEEEING.
 28014 | Orc:2    | 28014 ||| FLEEEEING.
 28015 | Orc:2    | 28015 ||| FLEEEEING.
 28016 | Orc:2    | 28016 ||| FLEEEEING.
 28017 | Orc:2    | 28017 ||| FLEEEEING.
 28018 | Orc:2    | 28018 ||| FLEEEEING.
 28019 | Orc:2    | 28019 ||| FLEEEEING.
 28020 | Orc:2    | 28020 ||| FLEEEEING.
 28021 | Orc:2    | 28021 ||| FLEEEEING.
 28022 | Orc:2    | 28022 ||| FLEEEEING.
 28023 | Orc:2    | 28023 ||| FLEEEEING.
 28024 | Orc:2    | 28024 ||| FLEEEEING.
 28025 | Orc:2    | 28025 ||| FLEEEEING.
 28026 | Orc:2    | 28026 ||| FLEEEEING.
 28027 | Orc:2    | 28027 ||| STAIRDANCE
 28137 | Orc:2    | Identified the +11 broad axe of Optimality {flame, Fly}
                  | (Trog gifted it to you on level 2 of the Orcish Mines)
 28137 | Orc:2    | Received a gift from Trog
 28139 | Orc:2    | 28139 ||| Stepping ~*~*~tactically~*~*~ (stealth).
 28140 | Orc:2    | 28140 ||| SWAPPING to +11 broad axe of Optimality {flame,
                  | Fly}.
 28141 | Orc:2    | 28141 ||| DROPPING +7 broad axe "Waokk" {vorpal, Stlth+}.
 28142 | Orc:2    | 28142 ||| DROPPING +4 war axe of flaming.
 28146 | Orc:2    | 28146 ||| Stepping ~*~*~tactically~*~*~ (stealth).
 28168 | Orc:2    | Found Liabb's Magic Scroll Shoppe.
 28220 | Orc:2    | 28220 ||| Stepping ~*~*~tactically~*~*~ (hiding).
 28226 | Orc:2    | 28226 ||| INVOKING Berserk.
 28237 | Orc:2    | 28237 ||| Stepping ~*~*~tactically~*~*~ (stealth).
 28271 | Orc:2    | 28271 ||| FLEEEEING.
 28272 | Orc:2    | 28272 ||| FLEEEEING.
 28273 | Orc:2    | 28273 ||| FLEEEEING.
 28274 | Orc:2    | 28274 ||| FLEEEEING.
 28275 | Orc:2    | 28275 ||| FLEEEEING.
 28276 | Orc:2    | 28276 ||| FLEEEEING.
 28277 | Orc:2    | 28277 ||| FLEEEEING.
 28278 | Orc:2    | 28278 ||| FLEEEEING.
 28279 | Orc:2    | 28279 ||| FLEEEEING.
 28280 | Orc:2    | 28280 ||| FLEEEEING.
 28281 | Orc:2    | 28281 ||| FLEEEEING.
 28283 | Orc:2    | 28283 ||| FLEEEEING.
 28284 | Orc:2    | 28284 ||| FLEEEEING.
 28285 | Orc:2    | 28285 ||| FLEEEEING.
 28286 | Orc:2    | 28286 ||| FLEEEEING.
 28287 | Orc:2    | 28287 ||| FLEEEEING.
 28291 | Orc:2    | 28291 ||| Stepping ~*~*~tactically~*~*~ (hiding).
 28293 | Orc:2    | 28293 ||| Stepping ~*~*~tactically~*~*~ (hiding).
 28299 | Orc:2    | 28299 ||| INVOKING Berserk.
 28318 | Orc:2    | 28318 ||| Stepping ~*~*~tactically~*~*~ (stealth).
 28414 | Orc:2    | 28414 ||| Stepping ~*~*~tactically~*~*~ (stealth).
 28445 | Orc:2    | 28445 ||| Stepping ~*~*~tactically~*~*~ (stealth).
 28446 | Orc:2    | 28446 ||| Stepping ~*~*~tactically~*~*~ (stealth).
 28447 | Orc:2    | 28447 ||| STAIRDANCE
 28495 | Orc:2    | 28495 ||| Stepping ~*~*~tactically~*~*~ (stealth).
 28499 | Orc:2    | 28499 ||| Stepping ~*~*~tactically~*~*~ (hiding).
 28500 | Orc:2    | 28500 ||| Stepping ~*~*~tactically~*~*~ (hiding).
 28501 | Orc:2    | 28501 ||| Stepping ~*~*~tactically~*~*~ (hiding).
 28502 | Orc:2    | 28502 ||| Stepping ~*~*~tactically~*~*~ (hiding).
 28503 | Orc:2    | 28503 ||| Stepping ~*~*~tactically~*~*~ (hiding).
 28504 | Orc:2    | 28504 ||| INVOKING Trog's Hand.
 28505 | Orc:2    | 28505 ||| INVOKING Berserk.
 28522 | Orc:2    | 28522 ||| Stepping ~*~*~tactically~*~*~ (hiding).
 28530 | Orc:2    | 28530 ||| Stepping ~*~*~tactically~*~*~ (hiding).
 28531 | Orc:2    | 28531 ||| Stepping ~*~*~tactically~*~*~ (hiding).
 28533 | Orc:2    | 28533 ||| Stepping ~*~*~tactically~*~*~ (hiding).
 28534 | Orc:2    | 28534 ||| Stepping ~*~*~tactically~*~*~ (hiding).
 28544 | Orc:2    | 28544 ||| Stepping ~*~*~tactically~*~*~ (stealth).
 28545 | Orc:2    | Noticed an orc warlord
 28546 | Orc:2    | 28546 ||| FLEEEEING.
 28547 | Orc:2    | 28547 ||| Stepping ~*~*~tactically~*~*~ (stealth).
 28548 | Orc:2    | 28548 ||| FLEEEEING.
 28549 | Orc:2    | 28549 ||| INVOKING Brothers in Arms.
 28552 | Orc:2    | 28552 ||| INVOKING Brothers in Arms.
 28559 | Orc:2    | 28559 ||| INVOKING Trog's Hand.
 28562 | Orc:2    | 28562 ||| INVOKING Berserk.
 28573 | Orc:2    | Killed an orc warlord
 28599 | Orc:2    | 28599 ||| Stepping ~*~*~tactically~*~*~ (stealth).
 28608 | Orc:2    | 28608 ||| FLEEEEING.
 28609 | Orc:2    | 28609 ||| FLEEEEING.
 28610 | Orc:2    | 28610 ||| FLEEEEING.
 28611 | Orc:2    | 28611 ||| FLEEEEING.
 28793 | Orc:2    | Found Dalidw Zeti's General Store.
 28793 | Orc:2    | Found Onok's Antique Armour Shop.
 28794 | Orc:2    | Found Fauleago's Armour Boutique.
 28798 | Orc:2    | Found Xuefinext's Antique Armour Boutique.
 28801 | Orc:2    | 28801 ||| BUYING potion of curing (39 gold).
 28801 | Orc:2    | Bought a potion of curing for 39 gold pieces
 28801 | Orc:2    | 28801 ||| BUYING potion of curing (39 gold).
 28801 | Orc:2    | Bought a potion of curing for 39 gold pieces
 28802 | Orc:2    | 28802 ||| BUYING kite shield (85 gold).
 28802 | Orc:2    | Bought a kite shield for 85 gold pieces
 28802 | Orc:2    | 28802 ||| BUYING runed scarf (152 gold).
 28802 | Orc:2    | Bought a runed scarf for 152 gold pieces
 28805 | Orc:2    | 28805 ||| Stepping ~*~*~tactically~*~*~ (hiding).
 28806 | Orc:2    | 28806 ||| Stepping ~*~*~tactically~*~*~ (hiding).
 28807 | Orc:2    | 28807 ||| Stepping ~*~*~tactically~*~*~ (hiding).
 28818 | Orc:2    | 28818 ||| Stepping ~*~*~tactically~*~*~ (stealth).
 28824 | Orc:2    | 28824 ||| Stepping ~*~*~tactically~*~*~ (hiding).
 28949 | Orc:2    | 28949 ||| Stepping ~*~*~tactically~*~*~ (hiding).
 28950 | Orc:2    | 28950 ||| Stepping ~*~*~tactically~*~*~ (hiding).
 28955 | Orc:2    | 28955 ||| INVOKING Berserk.
 28964 | Orc:2    | Reached skill level 19 in Armour
 29259 | Orc:2    | 29259 ||| PLANNING SNAKE:1-3
 29259 | Orc:2    | 29259 ||| UPGRADING to +0 kite shield.
 29269 | Orc:2    | 29269 ||| DROPPING +0 buckler.
 29428 | Snake:1  | Entered Level 1 of the Snake Pit
 29436 | Snake:1  | 29436 ||| INVOKING Berserk.
 29690 | Snake:1  | 29690 ||| Stepping ~*~*~tactically~*~*~ (hiding).
 29925 | Snake:1  | 29925 ||| Stepping ~*~*~tactically~*~*~ (hiding).
 29926 | Snake:1  | 29926 ||| Stepping ~*~*~tactically~*~*~ (hiding).
 30146 | Snake:1  | 30146 ||| Stepping ~*~*~tactically~*~*~ (hiding).
 30151 | Snake:1  | 30151 ||| INVOKING Berserk.
 30312 | Snake:1  | Found a runed translucent door.
 30318 | Snake:1  | Noticed Romunoh's ghost (adept SpBr)
 30526 | Snake:2  | 30526 ||| Stepping ~*~*~tactically~*~*~ (stealth).
 30534 | Snake:2  | Reached skill level 12 in Shields
 30540 | Snake:2  | Reached XP level 16. HP: 145/151 MP: 13/13
 30557 | Snake:2  | 30557 ||| Stepping ~*~*~tactically~*~*~ (hiding).
 30634 | Snake:2  | Found a radiant altar of Vehumet.
 30658 | Snake:2  | 30658 ||| Stepping ~*~*~tactically~*~*~ (hiding).
 30776 | Snake:2  | Noticed Donald
 30777 | Snake:2  | 30777 ||| INVOKING Brothers in Arms.
 30780 | Snake:2  | 30780 ||| INVOKING Berserk.
 30782 | Snake:2  | Killed Donald
 30785 | Snake:2  | Found a transporter.
 30785 | Snake:2  | Found a transporter.
 30810 | Snake:2  | Noticed littlecub's ghost (journeyman DsGl)
 30933 | Snake:2  | Found a bloodstained altar of Trog.
 31016 | Snake:2  | 31016 ||| Stepping ~*~*~tactically~*~*~ (hiding).
 31017 | Snake:2  | 31017 ||| INVOKING Berserk.
 31151 | Snake:2  | 31151 ||| Stepping ~*~*~tactically~*~*~ (hiding).
 31154 | Snake:2  | 31154 ||| Stepping ~*~*~tactically~*~*~ (hiding).
 31157 | Snake:2  | 31157 ||| Stepping ~*~*~tactically~*~*~ (hiding).
 31430 | Snake:2  | 31430 ||| Stepping ~*~*~tactically~*~*~ (hiding).
 31432 | Snake:2  | 31432 ||| INVOKING Berserk.
 31557 | Snake:2  | Identified the +10 trident of Buyduqyd {vamp, rElec SInv}
 31671 | Snake:2  | 31671 ||| Stepping ~*~*~tactically~*~*~ (stealth).
 31845 | Snake:2  | 31845 ||| Stepping ~*~*~tactically~*~*~ (stealth).
 31903 | Snake:2  | 31903 ||| Stepping ~*~*~tactically~*~*~ (hiding).
 31904 | Snake:2  | 31904 ||| Stepping ~*~*~tactically~*~*~ (hiding).
 31962 | Snake:2  | 31962 ||| INVOKING Berserk.
 32142 | Snake:2  | 32142 ||| Stepping ~*~*~tactically~*~*~ (stealth).
 32442 | Snake:2  | 32442 ||| DROPPING +0 kite shield of reflection.
 32443 | Snake:2  | 32443 ||| UPGRADING to +1 kite shield of reflection.
 32453 | Snake:2  | 32453 ||| DROPPING +0 kite shield.
 32487 | Snake:3  | 32487 ||| STAIRDANCE
 32554 | Snake:3  | 32554 ||| STAIRDANCE
 32608 | Snake:3  | 32608 ||| STAIRDANCE
 32610 | Snake:2  | 32610 ||| INVOKING Berserk.
 32742 | Snake:3  | 32742 ||| Stepping ~*~*~tactically~*~*~ (hiding).
 32744 | Snake:3  | 32744 ||| Stepping ~*~*~tactically~*~*~ (stealth).
 32745 | Snake:3  | 32745 ||| Stepping ~*~*~tactically~*~*~ (hiding).
 32750 | Snake:3  | 32750 ||| STAIRDANCE
 32801 | Snake:3  | Reached skill level 15 in Shields
 32825 | Snake:3  | 32825 ||| Stepping ~*~*~tactically~*~*~ (hiding).
 32969 | Snake:3  | 32969 ||| Stepping ~*~*~tactically~*~*~ (hiding).
 32979 | Snake:3  | 32979 ||| INVOKING Berserk.
 33027 | Snake:3  | 33027 ||| FLEEEEING.
 33028 | Snake:3  | 33028 ||| FLEEEEING.
 33041 | Snake:3  | 33041 ||| FLEEEEING.
 33047 | Snake:3  | 33047 ||| STAIRDANCE
 33142 | Snake:3  | 33142 ||| Stepping ~*~*~tactically~*~*~ (hiding).
 33145 | Snake:3  | 33145 ||| Stepping ~*~*~tactically~*~*~ (hiding).
 33176 | Snake:3  | 33176 ||| Stepping ~*~*~tactically~*~*~ (stealth).
 33194 | Snake:3  | 33194 ||| Stepping ~*~*~tactically~*~*~ (stealth).
 33255 | Snake:3  | 33255 ||| Stepping ~*~*~tactically~*~*~ (hiding).
 33263 | Snake:3  | 33263 ||| INVOKING Berserk.
 33440 | Snake:3  | 33440 ||| Stepping ~*~*~tactically~*~*~ (hiding).
 33483 | Snake:3  | 33483 ||| Stepping ~*~*~tactically~*~*~ (hiding).
 33500 | Snake:3  | 33500 ||| Stepping ~*~*~tactically~*~*~ (hiding).
 33508 | Snake:3  | Received a gift from Trog
 33558 | Snake:3  | Found Veful's Armour Shoppe.
 33560 | Snake:3  | Found Dimos's Book Emporium.
 33560 | Snake:3  | Found Qeanwita's Jewellery Shoppe.
 33565 | Snake:3  | 33565 ||| BUYING +0 pair of boots (67 gold).
 33565 | Snake:3  | Bought a +0 pair of boots for 67 gold pieces
 33565 | Snake:3  | Found Gemor's Distillery.
 33801 | Snake:3  | 33801 ||| BUYING potion of cancellation (128 gold).
 33801 | Snake:3  | Bought a potion of cancellation for 128 gold pieces
 33801 | Snake:3  | 33801 ||| BUYING potion of curing (48 gold).
 33801 | Snake:3  | Bought a potion of curing for 48 gold pieces
 33801 | Snake:3  | 33801 ||| BUYING potion of heal wounds (80 gold).
 33801 | Snake:3  | Bought a potion of heal wounds for 80 gold pieces
 33801 | Snake:3  | 33801 ||| BUYING potion of might (64 gold).
 33801 | Snake:3  | Bought a potion of might for 64 gold pieces
 33820 | Snake:3  | 33820 ||| INVOKING Berserk.
 34032 | Snake:3  | 34032 ||| Stepping ~*~*~tactically~*~*~ (hiding).
 34033 | Snake:3  | 34033 ||| Stepping ~*~*~tactically~*~*~ (hiding).
 34215 | Snake:3  | 34215 ||| Stepping ~*~*~tactically~*~*~ (hiding).
 34281 | Snake:3  | 34281 ||| Stepping ~*~*~tactically~*~*~ (hiding).
 34543 | Snake:3  | 34543 ||| PLANNING SWAMP:1-3
 34543 | Snake:3  | 34543 ||| UPGRADING to +0 pair of boots.
 34690 | Swamp:1  | Entered Level 1 of the Swamp
 34692 | Swamp:1  | 34692 ||| INVOKING Berserk.
 34859 | Swamp:1  | 34859 ||| INVOKING Berserk.
 34955 | Swamp:1  | 34955 ||| Stepping ~*~*~tactically~*~*~ (stealth).
 34982 | Swamp:1  | 34982 ||| Stepping ~*~*~tactically~*~*~ (hiding).
 34992 | Swamp:1  | 34992 ||| INVOKING Berserk.
 35078 | Swamp:1  | 35078 ||| INVOKING Berserk.
 35203 | Swamp:1  | 35203 ||| Stepping ~*~*~tactically~*~*~ (hiding).
 35217 | Swamp:1  | 35217 ||| Stepping ~*~*~tactically~*~*~ (cloud).
 35278 | Swamp:1  | Noticed Louise
 35279 | Swamp:1  | 35279 ||| INVOKING Trog's Hand.
 35280 | Swamp:1  | 35280 ||| INVOKING Brothers in Arms.
 35283 | Swamp:1  | 35283 ||| INVOKING Berserk.
 35290 | Swamp:1  | Killed Louise
 35472 | Swamp:1  | Noticed Mlioglotl
 35477 | Swamp:1  | 35477 ||| Stepping ~*~*~tactically~*~*~ (stealth).
 35478 | Swamp:1  | 35478 ||| Stepping ~*~*~tactically~*~*~ (stealth).
 35480 | Swamp:1  | 35480 ||| Stepping ~*~*~tactically~*~*~ (stealth).
 35487 | Swamp:1  | 35487 ||| INVOKING Berserk.
 35495 | Swamp:1  | Killed Mlioglotl
 35603 | Swamp:1  | 35603 ||| Stepping ~*~*~tactically~*~*~ (hiding).
 35605 | Swamp:1  | 35605 ||| Stepping ~*~*~tactically~*~*~ (hiding).
 35637 | Swamp:1  | 35637 ||| INVOKING Berserk.
 35642 | Swamp:1  | Reached skill level 20 in Armour
 35647 | Swamp:1  | Reached XP level 17. HP: 161/161 MP: 14/14
 35663 | Swamp:1  | 35663 ||| Stepping ~*~*~tactically~*~*~ (hiding).
 35664 | Swamp:1  | 35664 ||| Stepping ~*~*~tactically~*~*~ (hiding).
 35777 | Swamp:1  | 35777 ||| Stepping ~*~*~tactically~*~*~ (hiding).
 35782 | Swamp:1  | 35782 ||| INVOKING Berserk.
 36067 | Swamp:1  | 36067 ||| UPGRADING to +0 tower shield.
 36077 | Swamp:1  | 36077 ||| DROPPING +1 kite shield of reflection.
 36100 | Swamp:2  | 36100 ||| Stepping ~*~*~tactically~*~*~ (hiding).
 36198 | Swamp:2  | 36198 ||| INVOKING Berserk.
 36228 | Swamp:2  | 36228 ||| FLEEEEING.
 36233 | Swamp:2  | 36233 ||| Stepping ~*~*~tactically~*~*~ (hiding).
 36338 | Swamp:2  | 36338 ||| READING scroll of enchant armour.
 36338 | Swamp:2  | 36338 ||| ENCHANTING +0 pair of boots.
 36354 | Swamp:2  | Found a snail-covered altar of Cheibriados.
 36411 | Swamp:2  | Noticed Aizul
 36412 | Swamp:2  | 36412 ||| INVOKING Trog's Hand.
 36415 | Swamp:2  | 36415 ||| INVOKING Berserk.
 36432 | Swamp:2  | Killed Aizul
 36479 | Swamp:2  | 36479 ||| INVOKING Berserk.
 36634 | Swamp:2  | 36634 ||| Stepping ~*~*~tactically~*~*~ (hiding).
 36636 | Swamp:2  | 36636 ||| INVOKING Berserk.
 36668 | Swamp:2  | 36668 ||| Stepping ~*~*~tactically~*~*~ (cloud).
 36896 | Swamp:3  | 36896 ||| Stepping ~*~*~tactically~*~*~ (hiding).
 36901 | Swamp:3  | 36901 ||| Stepping ~*~*~tactically~*~*~ (hiding).
 36902 | Swamp:3  | 36902 ||| Stepping ~*~*~tactically~*~*~ (hiding).
 37020 | Swamp:3  | 37020 ||| INVOKING Trog's Hand.
 37020 | Swamp:3  | Paralysed by a fenstrider witch for 5 turns
 37025 | Swamp:3  | 37025 ||| INVOKING Berserk.
 37080 | Swamp:3  | 37080 ||| Stepping ~*~*~tactically~*~*~ (stealth).
 37119 | Swamp:3  | 37119 ||| Stepping ~*~*~tactically~*~*~ (stealth).
 37120 | Swamp:3  | 37120 ||| Stepping ~*~*~tactically~*~*~ (stealth).
 37480 | Swamp:3  | Found the +5 sword of Power {vorpal}
 37494 | Swamp:3  | 37494 ||| INVOKING Trog's Hand.
 37499 | Swamp:3  | 37499 ||| INVOKING Berserk.
 37730 | Swamp:3  | 37730 ||| PLANNING SNAKE:4
 37907 | Snake:4  | Entered Level 4 of the Snake Pit
 37924 | Snake:4  | 37924 ||| Stepping ~*~*~tactically~*~*~ (hiding).
 37929 | Snake:4  | 37929 ||| Stepping ~*~*~tactically~*~*~ (hiding).
 37940 | Snake:4  | 37940 ||| Stepping ~*~*~tactically~*~*~ (hiding).
 37945 | Snake:4  | Reached skill level 18 in Shields
 37991 | Snake:4  | 37991 ||| Stepping ~*~*~tactically~*~*~ (stealth).
 38035 | Snake:4  | 38035 ||| Stepping ~*~*~tactically~*~*~ (hiding).
 38199 | Snake:4  | 38199 ||| Stepping ~*~*~tactically~*~*~ (hiding).
 38204 | Snake:4  | 38204 ||| INVOKING Berserk.
 38211 | Snake:4  | Noticed Mara
 38233 | Snake:4  | Noticed qw's illusion
 38235 | Snake:4  | 38235 ||| INVOKING Brothers in Arms.
 38237 | Snake:4  | HP: 39/161 [poisoned by a naga mage (bolt of poison)]
 38237 | Snake:4  | HP: 16/161 [qw's illusion (illusionary)[Mara] (11)]
 38238 | Snake:4  | 38238 ||| READING 14 scrolls of teleportation.
 38238 | Snake:4  | HP: 5/161 [poisoned by a naga mage (bolt of poison)]
 38238 | Snake:4  | Killed from afar by a nagaraja

Levels and vault maps discovered:
D:1:      mushboom_english_gardens, layout_basic, minivault_27
D:2:      layout_loops_ring, basic_altar, ebering_ecumenical_altar_rust,
          st_stairs_7
D:3:      corexii_shack_village, layout_basic, lemuel_doored_altar,
          minmay_overflow_temple_star_quad, ebering_ghost_disaster_area,
          amcnicky_mini_corridor_feature, amcnicky_mini_rare_corridor_liquid
D:4:      layout_cave_pools
D:5:      gammafunk_steamed_eel, layout_cave_pools,
          chequers_temple_overflow_minitemple, st_stairs_2
D:6:      layout_loops_ring, serial_shops, nicolae_stop_n_shop_1, shop,
          uniq_blork_the_orc
D:7:      layout_layer_cave, minmay_temple_entry_offerings
D:8:      nzn_winding_woodlands_medium [nzn_winding_woodlands_5x5_three,
          nzn_winding_woodlands_5x15_pathside_ponds,
          nzn_winding_woodlands_5x5_closed_star,
          nzn_winding_woodlands_hourglass, nzn_winding_woodlands_center_lodge,
          nzn_winding_woodlands_5x5_cross,
          nzn_winding_woodlands_5x5_checkerboard,
          nzn_winding_woodlands_5x15_pool, nzn_winding_woodlands_5x5_default],
          layout_rooms, serial_corexii_hall, corexii_hall_statues_l,
          corexii_hall_statues_s, minmay_shop_mass, uniq_maurice,
          uniq_prince_ribbit1
D:9:      layout_long_grid, dpeg_oklobed_lair
D:10:     layout_cave_pools, orc_0_dummy, kennysheep_nub,
          minmay_misc_feat_roman, serial_park_tiny_1, uniq_erolcha
D:11:     layout_roguey, gauntlet_entry_generic, minmay_holes,
          minmay_gold_behind_fungi, uniq_fannar
D:12:     layout_basic, uniq_rupert, uniq_sonja
D:13:     layout_basic, serial_shops, shop, nicolae_splish_splash
D:14:     layout_stronghold, skrybe_vaults_entry_preservation, bloody_makhleb,
          serial_bayou_lagoon_a
D:15:     grunt_enter_depths_hoard, layout_layer_cave, serial_shops,
          nicolae_shop_advertising_works [nicolae_subvault_shop_adworks],
          uniq_jorgrun
Lair:1:   layout_loops_ring, patterned_corridor, uniq_harold, uniq_joseph
Lair:2:   layout_big_grid, nicolae_swamp_entry_splash_gauntlet,
          minmay_shattered_shrine, serial_bayou_shore_b, grunt_megastairs_5,
          uniq_maggie, uniq_erica
Lair:3:   mu_elephants_graveyard, layout_loops_ring, dummy_snake_entry,
          infiniplex_staircase_pool, serial_bayou_shore_b, lemuel_fruit_tree
Lair:4:   layout_regular_city, grunt_megastairs_4, uniq_kirke
Lair:5:   due_jungle_book, layout_regular_city, slime_entry_1, serial_rivers,
          chequers_serial_rivers_marsh, chequers_serial_rivers_small_b,
          chequers_serial_rivers_micro_d, chequers_serial_rivers_marsh,
          chequers_serial_rivers_small_b
Swamp:1:  layout_basic_swamp, nicolae_swamp_treefoil, uniq_louise,
          uniq_mlioglotl
Swamp:2:  layout_basic_swamp, basic_altar, uniq_aizul
Swamp:3:  layout_basic_swamp, nicolae_swamp_tree_designs, swamp_pool2,
          grunt_lady_of_the_lake
Snake:1:  layout_misc_corridors, ebering_ghost_reflecting_pool
Snake:2:  nicolae_sea_snake_s, layout_chambers, basic_altar,
          gammafunk_ghost_wrathful_warriors, uniq_donald
Snake:3:  layout_honeycomb, serial_bayou_shore_b, minmay_shoptagon
Snake:4:  snake_pit, layout_cave_town, minmay_shop_star, uniq_mara
Orc:1:    layout_caves
Orc:2:    st_orc_mages, layout_caves, serial_shops, nicolae_shop_hallway_stairs

Skill      XL: |  1  2  3  4  5  6  7  8  9 10 11 12 13 14 15 16 17 |
---------------+----------------------------------------------------+-----
Axes           | 4 5 6 7 8 10 12 14 16 17 18 | 18.0
Shields        | 1 2 3 4 5 7 8 9 12 15 18 | 18.9
Fighting       | 4 6 7 8 9 10 13 14 15 16 17 | 17.0
Armour         | 3 4 7 12 14 17 18 19 20 | 20.0
Dodging        | 3 4 5 6 7 |  7.0
Throwing       | 1 2 3 6 9 |  9.0

Action                   |  1- 3 |  4- 6 |  7- 9 | 10-12 | 13-15 | 16-18 || total
-------------------------+-------+-------+-------+-------+-------+-------++-------
Melee: Hand axe          |    80 |    82 |   131 |       |       |       ||   293
       Headbutt          |    12 |    15 |    40 |   113 |   262 |   108 ||   550
       War axe           |       |       |    72 |   448 |   553 |       ||  1073
       Morningstar       |       |       |       |     4 |       |       ||     4
       Broad axe         |       |       |       |       |   512 |   530 ||  1042
Throw: Boomerang         |     4 |       |       |    94 |    40 |    51 ||   189
       Javelin           |       |       |       |       |    40 |     8 ||    48
Invok: Berserk           |     1 |     3 |    13 |    18 |    33 |    23 ||    91
       Brothers in Arms  |       |       |       |     1 |     6 |     3 ||    10
       Trog's Hand       |       |       |       |       |     7 |     4 ||    11
  Use: Scroll            |     4 |    10 |     3 |     7 |     6 |     2 ||    32
       Potion            |     2 |     4 |     1 |     4 |     3 |       ||    14
Armor: Animal skin       |    12 |       |       |       |       |       ||    12
       Ring mail         |     4 |       |       |       |       |       ||     4
       Scale mail        |     4 |    31 |    31 |    14 |       |       ||    80
       Chain mail        |       |       |       |    34 |       |       ||    34
       Crystal plate arm |       |       |       |   220 |   678 |   210 ||  1108
Dodge: Dodged            |    45 |    44 |    94 |   133 |   254 |    72 ||   642
Block: Buckler           |     6 |     7 |    31 |    68 |   203 |       ||   315
       Kite shield       |       |       |       |       |    52 |   224 ||   276
       Reflection        |       |       |       |       |    10 |    52 ||    62
       Tower shield      |       |       |       |       |       |   204 ||   204

Table legend:
 A = Non-vault XP
 B = Vault XP
 C = Vault XP percentage of total XP
 D = Non-vault monster count
 E = Vault monster count
 F = Vault count percentage of total count
                 A         B        C        D         E       F
            +---------+---------+-------+---------+---------+-------
      Total |  172877 |   85142 |  33.0 |     644 |     218 |  25.3
            +---------+---------+-------+---------+---------+-------
        D:1 |      35 |       0 |   0.0 |      20 |       0 |   0.0
        D:2 |      11 |       2 |  15.4 |       5 |       1 |  16.7
        D:3 |     133 |      12 |   8.3 |      19 |       7 |  26.9
        D:4 |     313 |       0 |   0.0 |      18 |       0 |   0.0
        D:5 |     890 |      27 |   2.9 |      23 |       2 |   8.0
        D:6 |     715 |     100 |  12.3 |      14 |       1 |   6.7
        D:7 |     559 |     268 |  32.4 |      14 |       1 |   6.7
        D:8 |     925 |    3461 |  78.9 |      20 |      23 |  53.5
        D:9 |    2339 |       0 |   0.0 |      31 |       0 |   0.0
       D:10 |    4999 |     878 |  14.9 |      18 |       1 |   5.3
       D:11 |    4196 |     889 |  17.5 |      31 |       1 |   3.1
       D:12 |    5399 |    2517 |  31.8 |      16 |       2 |  11.1
       D:13 |    8642 |    2554 |  22.8 |      29 |       4 |  12.1
       D:14 |    6990 |    5538 |  44.2 |      15 |       9 |  37.5
       D:15 |    6906 |    3512 |  33.7 |      13 |       3 |  18.8
     Lair:1 |    3182 |    1399 |  30.5 |      11 |       2 |  15.4
     Lair:2 |    3770 |    7304 |  66.0 |      17 |      14 |  45.2
     Lair:3 |    1981 |    8990 |  81.9 |       7 |      18 |  72.0
     Lair:4 |    8797 |    2320 |  20.9 |      23 |       7 |  23.3
     Lair:5 |    4205 |   15137 |  78.3 |      16 |      29 |  64.4
    Swamp:1 |   19284 |    3086 |  13.8 |      35 |       2 |   5.4
    Swamp:2 |   13949 |    1272 |   8.4 |      30 |       1 |   3.2
    Swamp:3 |    9983 |       0 |   0.0 |      18 |       0 |   0.0
    Snake:1 |   11347 |       0 |   0.0 |      23 |       0 |   0.0
    Snake:2 |   21104 |    5147 |  19.6 |      38 |       9 |  19.1
    Snake:3 |   18280 |       0 |   0.0 |      34 |       0 |   0.0
    Snake:4 |    6843 |    8477 |  55.3 |      15 |      12 |  44.4
      Orc:1 |    2528 |       0 |   0.0 |      44 |       0 |   0.0
      Orc:2 |    4572 |    5673 |  55.4 |      47 |      44 |  48.4
   Gauntlet |       0 |    6579 | 100.0 |       0 |      25 | 100.0
            +---------+---------+-------+---------+---------+-------
